 Dungeon Crawl Stone Soup version 0.31-a0-1019-g3dd9dd1025 (webtiles) character file.

Game seed: 10850460373620649783

19 Malachi the Ruffian (level 2, 18/18 HPs)
             Began as an Octopode Shapeshifter on Nov 17, 2023.
             Got out of the dungeon alive.
             The game lasted 00:00:27 (496 turns).

Malachi the Ruffian (Octopode Shapeshifter)          Turns: 496, Time: 00:00:27

Health: 18/18      AC:  1    Str: 13    XL:     2   Next: 75%
Magic:  2/2        EV: 13    Int: 12    God:
Gold:   55         SH:  0    Dex: 11    Spells: 1/1 levels left

rFire   . .          .
                       - Unarmed
rCold   . . .        (no shield)
rNeg    . . .        (helmet currently unavailable)
rPois   .            (no amulet)
rElec   .            (no ring)
rCorr   .            (no ring)
SInv    .            (no ring)
Will    .....        (no ring)
Stlth   ++           (no ring)
HPRegen 0.23/turn    (no ring)
MPRegen 0.08/turn    (no ring)
                     (no ring)

%: no passive effects
@: beast-form
A: beast (slay +1), almost no armour, amphibious, 8 rings, camouflage 1,
gelatinous body 1, (nimble swimmer 1), tentacles
a: Begin Untransformation


You escaped.
You were a hulking beast.
You visited 1 branch of the dungeon, and saw 1 of its levels.

You collected 55 gold pieces.

Inventory:

Talismans
 b - a beast talisman
 c - a flux talisman
Scrolls
 d - a scroll of fear {unknown}
 e - a scroll of teleportation {unknown}
 f - a scroll of enchant weapon {unknown}
Potions
 a - a potion of lignification


   Skills:
 - Level 1.0 Fighting
 - Level 2.0 Dodging
 + Level 3.5 Unarmed Combat
 + Level 3.4 Shapeshifting


You had one spell level left.
You didn't know any spells.
Your spell library was empty.

Dungeon Overview and Level Annotations

Branches:
Dungeon (1/15)

Altars:

Shops:
D:1 :


Innate Abilities, Weirdness & Mutations

You are a hulking beast.
Your limbs bulge with bestial killing power. (Slay +1)
You cannot wear most types of armour.
You are amphibious.
You can wear up to eight rings at the same time.
Your skin changes colour to match your surroundings (Stealth+).
Your rubbery body absorbs attacks. (AC +1, EV +1)
((You are camouflaged when in or above water. (Stealth+)))
You have tentacles for arms and can constrict up to eight enemies at once.


Message History

You now have 42 gold pieces (gained 8).
You now have 55 gold pieces (gained 13).
f - a scroll labelled TAOL ZIANEA You open the door.
There is an open door here.
Found a stone staircase leading down.
An endoplasm comes into view.
An endoplasm is nearby!
An endoplasm is nearby!
An endoplasm is nearby!
An endoplasm is nearby!
A hobgoblin comes into view.
The hobgoblin shouts!
The hobgoblin barely misses you.
The endoplasm quivers.
You bludgeon the hobgoblin!
You kill the hobgoblin!
You tentacle-slap the endoplasm.
The endoplasm is heavily wounded.
The endoplasm hits you.
You barely miss the endoplasm.
The endoplasm is heavily wounded.
The endoplasm freezes you.
You are frozen.
You bludgeon the endoplasm!
You kill the endoplasm!
No target in view!
No target in view!
No target in view!
No target in view!
No target in view!
No target in view!
No target in view!
No target in view!
No target in view!
No target in view!
There is an open gate here.
There is an open door here.
There is a staircase leading out of the dungeon here.
You have escaped!

##############
#....#.......#
#.h..#.8.....+
#....#...⌠...#
#....'.8...8.#
###..#.......# ##
####..8.8..# ♣. ♣♣♣
#.......# ♣♣♣.
#♣.♣♣###...###♣♣...
#.....♣#'''#♣......
#...............♣##


There were no monsters in sight!

Vanquished Creatures
  A dart slug (D:1)
  An endoplasm (D:1)
  A goblin (D:1)
  5 hobgoblins (D:1)
  3 kobolds (D:1)
  A ball python (D:1)
  3 rats (D:1)
15 creatures vanquished.

Notes
Turn   | Place    | Note
-------+----------+-------------------------------------------
     0 | D:1      | Malachi the Octopode Shapeshifter began the quest for the
                  | Orb.
     0 | D:1      | Reached XP level 1. HP: 13/13 MP: 1/1
    89 | D:1      | Found Qozeq's Book Boutique.
   199 | D:1      | Reached XP level 2. HP: 18/18 MP: 2/2
   496 | D:$      | Got out of the dungeon alive.

Illustrated notes

Levels and vault maps discovered:
D:1:      sevenhm_arrival_forest_fort_large_2, layout_basic, serial_shops, shop,
          minivault_24

Action                     || total
---------------------------++-------
  Melee: Unarmed           ||    25
         Constrict         ||     5
         Punch             ||     1
         Tentacles         ||     1
   Stab: Sleeping          ||     3
 Armour: Skin              ||     8
  Dodge: Dodged            ||     9

Table legend: (Time is in decaauts)
 A = Elapsed time spent in this place.
 B = Non-inter-level travel time spent in this place.
 C = Inter-level travel time spent in this place.
 D = Time resting spent in this place.
 E = Time spent auto-exploring this place.
 F = Levels seen in this place.
 G = Mean time per level.
                   A        B        C        D        E       F      G
               +--------+--------+--------+--------+--------+-----+--------+
         Total |    494 |    432 |     62 |      0 |    352 |   1 |  494.0 |
       Dungeon |    494 |    432 |     62 |      0 |    352 |   1 |  494.0 |
               +--------+--------+--------+--------+--------+-----+--------+

Top non-repeatable levels by time:
     D:1: 494 daAuts
